 Dungeon Crawl Stone Soup version 0.29-a0-613-gf2c431b9b9 (webtiles) character file.

Game seed: 15988223139364095801

3 Nietzsche the Covered (level 1, -1/19 HPs)
             Began as a Meteoran Fighter on June 16, 2022.
             Slain by a gnoll
             ... wielding a +0 spear
              (2 damage)
             ... on level 1 of the Dungeon.
             The game lasted 00:00:22 (53 turns).

Nietzsche the Covered (Meteoran Fighter)              Turns: 53, Time: 00:00:23

Health: -1/19      AC:  7    Str: 17    XL:     1   Next: 71%
Magic:  2/2        EV:  9    Int:  9    God:
Gold:   0          SH:  5    Dex: 13    Spells: 0/0 levels left

rFire   . . .      SeeInvis .   a - +0 flail
rCold   . . .      Faith    .   c - +0 buckler
rNeg    . . .      Spirit   .   b - +0 scale mail
rPois   .          Reflect  .   (no helmet)
rElec   .          Harm     .   (no cloak)
rCorr   .          Rampage  .   (no gloves)
Will    .....                   (no boots)
Stlth   ..........              (no amulet)
HPRegen 0.06/turn               (no ring)
MPRegen 0.08/turn               (no ring)

@: glowing
A: sense surroundings 1, otherworldly, glowing, explore regen
a: no special abilities


You were on level 1 of the Dungeon.
You visited 1 branch of the dungeon, and saw 1 of its levels.

Inventory:

Hand Weapons
 a - a +0 flail (weapon)
 e - a +2 spear of freezing
Armour
 b - a +0 scale mail (worn)
 c - a +0 buckler (worn)
Potions
 d - a potion of might


   Skills:
 + Level 3.3 Fighting
 + Level 2.7 Maces & Flails
 + Level 3.7 Armour
 + Level 3.7 Shields


You couldn't memorise any spells.
You didn't know any spells.
Your spell library was empty.

Dungeon Overview and Level Annotations

Branches:
Dungeon (1/15) Zot: 543

Altars:


Innate Abilities, Weirdness & Mutations

You passively map a small area around you.
You are easily found by Zot.
You glow in the dark.
You regain HP and MP as you explore.


Message History

The kobold throws a stone.
You block the stone.
You see here 18 stones.
The kobold closely misses you.
You hit the kobold but do no damage. The kobold barely misses you. x2
You hit the kobold.
You kill the kobold!
No target in view!
No target in view!
Things that are here:
a +0 dagger; 3 stones; a kobold corpse You see here a +2 spear of freezing.
e - a +2 spear of freezing A ball python comes into view.
A kobold comes into view. It is wielding a +0 club.
The kobold shouts!
You hear a shout!
A gnoll comes into view. It is wielding a +0 spear.
The gnoll shouts!
A bat comes into view.
The kobold throws a stone.
You block the stone.
The bat moves out of view.
You sock the ball python!
You kill the ball python!
The kobold throws a stone.
The stone hits you but does no damage.
A kobold comes into view. It is wielding a +0 dagger.
The kobold hits you with a +0 club.
The gnoll hits you from afar with a +0 spear.
You closely miss the kobold.
The kobold shouts!
The kobold barely misses you. The gnoll barely misses you.
You miss the kobold.
The gnoll hits you from afar with a +0 spear.
The kobold hits you with a +0 club.
An endoplasm comes into view.
The gnoll hits you from afar with a +0 spear!
* * * LOW HITPOINT WARNING * * *
The kobold barely misses you.
You barely miss the kobold.
The endoplasm quivers.
The kobold hits you but does no damage.
The gnoll hits you from afar with a +0 spear.
You die...

* ** #......# , ,
,, ##......# * *
*,, , #.......# *
***, ,
######.......# * ,
, #.........).†# *
#.########.#(. *
###** ####.###
#..##. ,
,.....###......#
#+###' ,
.....gK@......#
#.≈#≈.
..............#
#.≈≈≈.
##.#.###......#
,#.≈8≈. ..
*#.........,#.....
.J.*
*..#####....#♣...♣
*## *..##
....#P♣.♣P , ..#*
*....##P.P# ... *
.##P#<#P * ,
##.♣.#


You could see a gnoll, an endoplasm and a kobold.

Vanquished Creatures
  A giant cockroach (D:1)
  A kobold (D:1)
  A ball python (D:1)
3 creatures vanquished.

Notes
Turn   | Place    | Note
-------+----------+-------------------------------------------
     0 | D:1      | Nietzsche the Meteoran Fighter began the quest for the Orb.
     0 | D:1      | Reached XP level 1. HP: 19/19 MP: 2/2
    53 | D:1      | Slain by a gnoll

Illustrated notes

Levels and vault maps discovered:
D:1:      tarquinn_simple_flora_water_d, layout_rooms

Action                   || total
-------------------------++-------
Melee: Flail             ||     8
Armor: Scale mail        ||     3
Dodge: Dodged            ||     7
Block: Buckler           ||     3

Table legend: (Time is in decaauts)
 A = Elapsed time spent in this place.
 B = Non-inter-level travel time spent in this place.
 C = Inter-level travel time spent in this place.
 D = Time resting spent in this place.
 E = Time spent auto-exploring this place.
 F = Levels seen in this place.
 G = Mean time per level.
                   A        B        C        D        E       F      G
               +--------+--------+--------+--------+--------+-----+--------+
         Total |     55 |     55 |      0 |      0 |     24 |   1 |   55.0 |
       Dungeon |     55 |     55 |      0 |      0 |     24 |   1 |   55.0 |
               +--------+--------+--------+--------+--------+-----+--------+

Top non-repeatable levels by time:
     D:1: 55 daAuts
